 Dungeon Crawl Stone Soup version 0.17.0-28-g6e173f8 (webtiles) character file.

61 dohliylev the Stinger (level 4, -1/24 HPs)
             Began as a Gargoyle Venom Mage on Nov 28, 2015.
             Slain by a worm (8 damage)
             ... on level 2 of the Dungeon.
             The game lasted 00:06:45 (918 turns).

dohliylev the Stinger (Gargoyle Venom Mage)          Turns: 918, Time: 00:06:46

Health: -1/24      AC:  6    Str: 11    XL:     4   Next: 7%
Magic:  0/7        EV: 12    Int: 17    God:
Gold:   53         SH:  0    Dex: 10    Spells: 1 memorised, 6 levels left

rFire  . . .     SeeInvis .     g - +0 dagger (venom)
rCold  . . .     Clarity  .     a - +0 robe
rNeg   + . .     SustAt   .     (no shield)
rPois  ∞         Gourm    .     (no helmet)
rElec  +         Spirit   .     (no cloak)
rCorr  .         Warding  .     n - +0 pair of gloves
rMut   .         Stasis   .     (no boots)
MR     .....                    (no amulet)
Stlth  +.........               (no ring)
                                l - ring of loudness (curse)

@: not resistant to hostile enchantments, very unstealthy
A: negative energy resistance 1, electricity resistance, unbreathing,
petrification resistance, rot immunity, AC +3
a: no special abilities


You were on level 2 of the Dungeon.
You were not hungry.

You visited 1 branch of the dungeon, and saw 2 of its levels.

You collected 53 gold pieces.

Inventory:

Hand Weapons
 g - a +0 dagger of venom (weapon)
Armour
 a - a +0 robe (worn)
 n - a +0 pair of gloves (worn)
Jewellery
 l - a cursed ring of loudness (left hand)
Wands
 u - a wand of enslavement (0)
Scrolls
 e - 2 scrolls of recharging {unknown}
 f - a scroll of enchant weapon {unknown}
 j - 2 scrolls of noise {unknown}
 k - a scroll of teleportation {unknown}
 m - a scroll of random uselessness {unknown}
 o - a scroll of identify {unknown}
 s - a scroll of fog {unknown}
Potions
 d - a potion of magic {unknown}
 i - a potion of haste {unknown}
 p - a potion of curing {unknown}
 q - a potion of ambrosia {unknown}
 t - a potion of lignification {unknown}
Books
 b - a Young Poisoner's Handbook

   Spells                             Type                      Level
   a - Sting                          Conjuration/Poison           1
   b - Cure Poison                    Poison                       2
   c - Mephitic Cloud                 Conjuration/Poison/Air       3
   d - Olgreb's Toxic Radiance        Poison                       4
   e - Venom Bolt                     Conjuration/Poison           5
Comestibles
 c - a bread ration
 h - 5 chunks of flesh
 r - a slice of pizza


   Skills:
 + Level 0.4 Fighting
 + Level 2.3 Dodging
 - Level 2.1 Stealth
 * Level 2.3 Spellcasting
 + Level 0.4 Conjurations
 + Level 4.7 Poison Magic


You had 6 spell levels left.
You knew the following spells:

 Your Spells              Type           Power        Failure   Level  Hunger
a - Sting                 Conj/Pois      ##..         10%         1    #......


Dungeon Overview and Level Annotations

Branches:
Dungeon (2/15)

Altars:


Innate Abilities, Weirdness & Mutations

You are resistant to torment.
Your stone body is resilient (AC +3).
You are immune to poison.
You resist negative energy.
You are resistant to electric shocks.
You can survive without breathing.
You are immune to petrification.
You are immune to rotting.


Message History

The sting hits the worm.
The worm is poisoned.
The worm is heavily wounded.
Casting: Sting
Confirm with . or Enter, or press ? or * to list all spells.
Aiming: Sting
Press: ? - help, Shift-Dir - straight line, f/p - worm
Aim: a worm (heavily wounded, poisoned)
The sting hits the worm.
The worm looks even sicker.
The worm is severely wounded.
The worm bites you.
* * * LOW HITPOINT WARNING * * *
Casting: Sting
Confirm with . or Enter, or press ? or * to list all spells.
Aiming: Sting
Press: ? - help, Shift-Dir - straight line, f/p - worm
Aim: a worm (heavily wounded, poisoned)
The sting hits the worm.
The worm looks even sicker.
The worm is almost dead.
The worm bites you!
You die...

### #.# ... [# #.# ...
#.. #.# .. ..# #.# w.
.. #.# #. .# #.# #.
##.# .. #)# #.#####
##..# .. #.#
#...w@###..## ##.# #(#
#####.......##...# #(#
#.)........# #(#
#.........## #.#
#.......#..... #.#
######....##>.###...###
#.# #......######.#
#.... #.# ##..####
##.... ##... #.#
##..#####.....####..#


You could see a worm.

Vanquished Creatures
  Ijyb (D:2)
  3 giant geckos
  5 bats
  6 goblins
  A hobgoblin (D:2)
  2 giant cockroaches
  6 kobolds
  7 rats
31 creatures vanquished.

Notes
Turn   | Place    | Note
--------------------------------------------------------------
     0 | D:1      | dohliylev the Gargoyle Venom Mage began the quest for the Orb.
     0 | D:1      | Reached XP level 1. HP: 10/10 MP: 3/3
   255 | D:1      | Reached XP level 2. HP: 10/15 MP: 1/5
   668 | D:2      | Reached XP level 3. HP: 15/19 MP: 4/6
   827 | D:2      | Noticed Ijyb
   888 | D:2      | Killed Ijyb
   888 | D:2      | Reached XP level 4. HP: 20/24 MP: 7/7
   918 | D:2      | Slain by a worm

Action                   |  1- 3 |  4- 6 || total
-------------------------+-------+-------++-------
Melee: Dagger            |    63 |       ||    63
       Unarmed           |     1 |       ||     1
 Cast: Sting             |    35 |     8 ||    43
  Eat: Chunk             |       |     1 ||     1
